 Dungeon Crawl Stone Soup version 0.24.0-28-g17ded55e90 (webtiles) character file.

Game seed: 3955401683141814408, levelgen mode: deterministic

7938 Johnny the Carver (level 11, -10/94 HPs)
             Began as a Troll Berserker on Nov 11, 2019.
             Was a High Priest of Trog.
             Mangled by an eight-headed hydra (14 damage)
             ... on level 11 of the Dungeon.
             The game lasted 00:11:51 (9595 turns).

Johnny the Carver (Troll Berserker)                 Turns: 9595, Time: 00:11:53

Health: -10/94     AC:  9    Str: 30    XL:     11   Next: 3%
Magic:  10/10      EV: 13    Int:  3    God:    Trog [*****.]
Gold:   574        SH:  0    Dex:  9    Spells: 10/10 levels left

rFire    + . .     SeeInvis .   t - +2 dagger (venom)
rCold    + . .     Gourm    +   (no shield)
rNeg     . . .     Faith    +   u - +2 robe {rC+}
rPois    .         Spirit   .   (helmet restricted)
rElec    .         Reflect  .   B - +0 cloak
rCorr    .         Harm     .   (gloves unavailable)
MR       .....                  (boots unavailable)
Stlth    +.........             n - amulet of faith
HPRegen  0.65/turn              F - ring of protection from fire
MPRegen  0.12/turn              (no ring)

@: berserk cooldown, slowed, very slow
A: large, unfitting armour, claws 3, fast metabolism 3, gourmand, regeneration
1, shaggy fur 1, tough skin 3
a: Berserk, Trog's Hand, Brothers in Arms, Renounce Religion


You were on level 11 of the Dungeon.
You worshipped Trog.
Trog was extremely pleased with you.
You were not hungry.

You visited 2 branches of the dungeon, and saw 12 of its levels.

You collected 574 gold pieces.

Inventory:

Hand Weapons
 a - a +0 falchion
 t - a +2 dagger of venom (weapon)
 w - a +3 antimagic great sword
 z - a +5 short sword of freezing
Missiles
 v - a throwing net (quivered)
Armour
 u - a +2 robe of cold resistance (worn)
 B - a +0 cloak (worn)
Jewellery
 n - an amulet of faith (around neck)
 F - a ring of protection from fire (left claw)
Wands
 r - a wand of polymorph (4)
 y - a wand of random effects (13)
 A - a wand of flame (29)
Scrolls
 h - 4 scrolls of enchant armour
 i - 2 scrolls of immolation
 j - 2 scrolls of noise
 l - a scroll of enchant weapon
 p - 2 scrolls of amnesia
 q - 6 scrolls of remove curse
 x - a scroll of summoning {unknown}
 C - a scroll of teleportation {unknown}
 G - 2 scrolls of blinking {unknown}
 I - 2 scrolls of identify
Potions
 b - a potion of lignification
 d - 6 potions of curing
 e - 3 potions of brilliance
 f - 5 potions of flight
 g - a potion of ambrosia {unknown}
 k - a potion of cancellation {unknown}
 o - a potion of haste {unknown}
 s - a potion of heal wounds {unknown}
 D - a potion of berserk rage {unknown}
 E - 2 potions of degeneration {unknown}
 H - a potion of resistance {unknown}
Comestibles
 c - 25 rations


   Skills:
 - Level 2.4 Fighting
 * Level 11.8 Long Blades
 + Level 8.7 Dodging


You had 10 spell levels left.
You didn't know any spells.
Your spell library contained the following spells:

 Spells                   Type           Power        Failure   Level  Hunger
 Freeze                   Ice            #...         52%         1    ##.....
 Throw Frost              Conj/Ice       #.....       67%         2    ###....
 Ozocubu's Armour         Chrm/Ice       #.......     88%         3    ####...
 Summon Ice Beast         Ice/Summ       #.......     99%         4    #####..
 Throw Icicle             Conj/Ice       #.......     99%         4    #####..


Dungeon Overview and Level Annotations

Branches:
Dungeon (11/15)            Temple (1/1) D:6            Lair (0/6) D:9
    Orc (0/2) D:9

Altars:
Ashenzari
Cheibriados
Elyvilon
Fedhas
Gozag
Hepliaklqana
Makhleb
Nemelex Xobeh
Okawaru
Ru
Sif Muna
Trog
Uskayaw
Vehumet
Wu Jian
Xom
Yredelemnul
The Shining One

Shops:
D:8 [


Innate Abilities, Weirdness & Mutations

You are too large for most types of armour.
You have claws for hands.
Your metabolism is lightning-fast.
You like to eat raw meat.
Your natural rate of healing is unusually fast.
You are covered in fur. (AC +1)
You have extremely tough skin. (AC +3)


Message History

Unknown command.
Your larval oxsting beast completely misses the eight-headed hydra.
Your larval oxsting beast tramples the eight-headed hydra.
The eight-headed hydra stumbles backwards!
You feel a strong urge to attack something.
Your larval oxsting beast hits the eight-headed hydra!
Your larval oxsting beast tramples the eight-headed hydra.
The eight-headed hydra stumbles backwards!
You feel your anger nearly subside.
You are no longer berserk.
You are exhausted.
You feel yourself slow down.
As you read the scroll of fear, it crumbles to dust.
You assume a fearsome visage.
The adder looks frightened!
The eight-headed hydra resists with some effort.
The eight-headed hydra bites you.
* * * LOW HITPOINT WARNING * * *
The eight-headed hydra bites you but does no damage.
The eight-headed hydra bites you!
You die...

............# ...###.###..
.....>.....# ##......#. .
#.......# ...........#
...#......###### ........S#.
#.....<.#...... [.........
###.....#......
........S#####........#......
......†......................
..........HD@.........#......
.[....................#......
........#.............###.###
..%....###....##....####..#
#.##### ##....#.#..# #.## #
#.#..#.#..####.#
#..#..#.##..#...#
#.###...##..#.### #.
#...##....#


You could see an eight-headed hydra, an adder (fleeing) and a friendly larval
oxsting beast.

Vanquished Creatures
  A two-headed ogre (D:9)
  Pikel (D:8)
  4 hippogriffs
  A hungry ghost (D:9)
  Sigmund (D:2)
  A golden eye (D:9)
  Grum (D:10)
  A water moccasin (D:7)
  6 orc warriors
  A porcupine (D:9)
  2 sky beasts
  A black bear (D:9)
  An ice beast (D:6)
  A necrophage (D:4)
  4 phantoms
  2 centaurs (D:7)
  4 wolves (D:10)
  3 ogres
  A crocodile (D:8)
  3 big kobolds
  5 bullfrogs
  A wyvern zombie (D:6)
  2 scorpions (D:6)
  11 wights
  2 howler monkeys
  A quasit (D:6)
  A crimson imp (D:10)
  2 centaur zombies
  2 jellies
  5 orc priests
  A centaur skeleton (D:7)
  A hound (D:8)
  12 orc wizards
  5 iguanas
  8 worker ants
  2 hound zombies
  A hound skeleton (D:4)
  8 gnolls
  11 adders
  A howler monkey skeleton (D:4)
  3 shadow imps
  An ooze (D:4)
  An adder zombie (D:5)
  An adder skeleton (D:4)
  6 worms
  5 dart slugs
  3 leopard geckos
  48 orcs
  7 bats
  4 giant cockroaches
  7 goblins
  5 hobgoblins
  11 jackals
  4 quokkas
  5 frilled lizards
  A giant cockroach zombie (D:6)
  8 kobolds
  A quokka zombie (D:5)
  11 rats
254 creatures vanquished.

Vanquished Creatures (collateral kills)
  A deep elf archer (D:9)
  A wyvern (D:9)
  An eye of draining (D:9)
  2 ice beasts (D:9)
  2 wights (D:7)
  A hound (D:7)
  A worker ant zombie (D:9)
9 creatures vanquished.

Vanquished Creatures (others)
  An adder (D:8)
  3 fungi (D:6)
4 creatures vanquished.

Grand Total: 267 creatures vanquished

Notes
Turn   | Place    | Note
-------+----------+-------------------------------------------
     0 | D:1      | Johnny the Troll Berserker began the quest for the Orb.
     0 | D:1      | Reached XP level 1. HP: 22/22 MP: 0/0
   323 | D:1      | Reached XP level 2. HP: 27/29 MP: 1/1
   731 | D:2      | Reached skill level 3 in Long Blades
   879 | D:2      | Reached ** piety under Trog
   915 | D:2      | Noticed Sigmund
   929 | D:2      | Reached XP level 3. HP: 20/36 MP: 2/2
   931 | D:2      | Killed Sigmund
   931 | D:2      | Reached skill level 4 in Long Blades
   931 | D:2      | Reached XP level 4. HP: 25/44 MP: 3/3
   931 | D:2      | Reached XP level 5. HP: 28/50 MP: 4/4
  1854 | D:3      | Noticed an ogre
  1864 | D:3      | Killed an ogre
  1864 | D:3      | Reached XP level 6. HP: 59/59 MP: 5/5
  2089 | D:3      | Reached *** piety under Trog
  2237 | D:3      | Reached skill level 5 in Long Blades
  2752 | D:4      | Reached XP level 7. HP: 46/66 MP: 6/6
  2877 | D:4      | Reached skill level 6 in Long Blades
  3044 | D:4      | Found a hazy altar of Hepliaklqana.
  3044 | D:4      | Found a shattered altar of Ashenzari.
  3051 | D:4      | Found a white marble altar of Elyvilon.
  3151 | D:4      | Reached **** piety under Trog
  3327 | D:5      | Entered Level 5 of the Dungeon
  3507 | D:5      | Reached skill level 5 in Dodging
  3507 | D:5      | Reached XP level 8. HP: 51/74 MP: 7/7
  3635 | D:5      | Found a snail-covered altar of Cheibriados.
  3792 | D:5      | Found a bloodstained altar of Trog.
  3792 | D:5      | Found a sacrificial altar of Ru.
  3960 | D:5      | Reached skill level 7 in Long Blades
  4437 | D:6      | Reached skill level 8 in Long Blades
  4471 | D:6      | Found a blossoming altar of Fedhas.
  4535 | D:6      | Found a staircase to the Ecumenical Temple.
  4666 | D:6      | Found a snail-covered altar of Cheibriados.
  4692 | D:6      | Found an iron altar of Okawaru.
  4748 | D:6      | You fall into a shaft and drop 1 floor!
  4784 | D:7      | Reached XP level 9. HP: 54/80 MP: 8/8
  5128 | D:7      | Reached ***** piety under Trog
  5128 | D:7      | Reached skill level 9 in Long Blades
  5964 | D:6      | Found a basalt altar of Yredelemnul.
  6242 | Temple   | Entered the Ecumenical Temple
  6328 | D:8      | Noticed Pikel
  6346 | D:8      | Killed Pikel
  6346 | D:8      | Reached skill level 10 in Long Blades
  6346 | D:8      | Reached XP level 10. HP: 33/88 MP: 9/9
  6380 | D:8      | Found a sparkling altar of Nemelex Xobeh.
  6406 | D:8      | Found Awiomoti's Antique Armour Shop.
  6764 | D:8      | Noticed Blork the orc
  6765 | D:8      | Noticed Blork
  6765 | D:8      | Blork the orc changed into Blork the goblin
  6773 | D:8      | Killed Blork the goblin
  6775 | D:8      | Found a shimmering blue altar of Sif Muna.
  7181 | D:9      | Found a staircase to the Lair.
  7233 | D:9      | Found a transporter.
  7239 | D:9      | Found a transporter.
  7243 | D:9      | Noticed a deep elf archer
  7249 | D:9      | Found a glowing golden altar of the Shining One.
  7730 | D:9      | Received a gift from Trog
  7797 | D:9      | Reached skill level 11 in Long Blades
  7968 | D:9      | Found a staircase to the Orcish Mines.
  8006 | D:9      | Noticed a two-headed ogre
  8014 | D:9      | Killed a two-headed ogre
  8351 | D:9      | Killed a deep elf archer
  8400 | D:10     | Entered Level 10 of the Dungeon
  8784 | D:10     | Noticed Grum
  8807 | D:10     | Killed Grum
  8843 | D:10     | Reached XP level 11. HP: 49/94 MP: 10/10
  9579 | D:11     | Noticed an eight-headed hydra
  9595 | D:11     | HP: 4/94 [eight-headed hydra (5)]
  9595 | D:11     | Mangled by an eight-headed hydra

Levels and vault maps discovered:
D:1:      minmay_arrival_wavy_path, layout_basic, minmay_misc_feat_more_columns
D:2:      layout_basic, uniq_sigmund
D:3:      layout_basic
D:4:      wander_river, layout_loops_ring, gammafunk_temple_overflow_forgotten,
          minmay_misc_feat_chi, minmay_mini_jars
D:5:      layout_cave_pods, gammafunk_temple_overflow_elements, basic_altar,
          first_ration
D:6:      layout_basic, lemuel_doored_altar, fedhas_altar_3,
          nicolae_overflow_crystal_walls, marbit_many_paths,
          minmay_temple_entry_mini_moons
D:7:      layout_rooms
D:8:      layout_basic, lemuel_crystal_altar, tgw_sif, serial_shops, shop,
          uniq_pikel
D:9:      layout_loops_ring, gammafunk_temple_overflow_arena, lair_entry_dummy,
          david_orc_4, blue_anna_alchemist [blue_anna_fruit_fields,
          blue_anna_fruit_fields]
D:10:     layout_basic, uniq_grum
D:11:     layout_rooms, minmay_misc_feat_four_crosses, item_on_display_a,
          uniq_snorg
Temple:   eino_temple_lava

Skill      XL: |  1  2  3  4  5  6  7  8  9 10 |
---------------+-------------------------------+-----
Long Blades    | 3 4 5 6 8 10 11 | 11.8
Dodging        | 3 4 5 6 7 8 |  8.7
Fighting       | |  2.4

Action                   |  1- 3 |  4- 6 |  7- 9 | 10-12 || total
-------------------------+-------+-------+-------+-------++-------
Melee: Falchion          |    84 |   178 |    58 |       ||   320
       Dagger            |       |    23 |   483 |   194 ||   700
       Unarmed           |       |     2 |       |       ||     2
       Short sword       |       |       |    20 |   148 ||   168
       Great sword       |       |       |       |    17 ||    17
Invok: Berserk           |     1 |     3 |    11 |     4 ||    19
       Brothers in Arms  |       |       |     1 |     1 ||     2
Evoke: Wand              |       |       |       |    32 ||    32
       Box of beasts     |       |       |       |     1 ||     1
  Use: Scroll            |       |       |     9 |     4 ||    13
       Potion            |       |       |     1 |     1 ||     2
 Stab: Sleeping          |     1 |       |       |       ||     1
       Paralysed         |       |       |       |     5 ||     5
  Eat: Chunk             |    12 |    22 |    43 |    41 ||   118
Armor: Animal skin       |    43 |    37 |       |       ||    80
       Skin              |       |    12 |       |     3 ||    15
       Robe              |       |    11 |   174 |   104 ||   289
Dodge: Dodged            |    40 |    89 |   259 |   198 ||   586
       Rpst.: Falchion   |    13 |    32 |     7 |       ||    52
       Great sword       |       |       |       |     3 ||     3
